 Dungeon Crawl Stone Soup version 0.28.0-55-gcd9437bce4 (webtiles) character file.

Game seed: 14501634967024761538

58 nerdsy the Digger (level 3, 0/30 HPs)
             Began as a Deep Dwarf Earth Elementalist on Jan 4, 2023.
             Slain by an adder (2 damage)
             ... on level 3 of the Dungeon.
             The game lasted 00:06:15 (1569 turns).

nerdsy the Digger (Deep Dwarf Earth Elementalist)   Turns: 1569, Time: 00:06:16

Health: 0/30       AC:  2    Str: 11    XL:     3   Next: 75%
Magic:  5/5        EV: 12    Int: 17    God:
Gold:   112        SH:  0    Dex: 13    Spells: 5/6 levels left

rFire   . . .      SeeInvis .   a - +0 short sword
rCold   . . .      Faith    .   (no shield)
rNeg    . . .      Spirit   .   b - +0 robe
rPois   .          Reflect  .   (no helmet)
rElec   .          Harm     .   (no cloak)
rCorr   .          Rampage  .   (no gloves)
Will    .....                   (no boots)
Stlth   ++........              (no amulet)
HPRegen 0.00/turn               (no ring)
MPRegen 0.09/turn               (no ring)

@: lethally poisoned (0 -> 0)
A: damage resistance, heal wounds, sense surroundings 1, no regeneration
a: Heal Wounds


You were on level 3 of the Dungeon.
You visited 1 branch of the dungeon, and saw 3 of its levels.

You collected 112 gold pieces.

Inventory:

Hand Weapons
 a - a +0 short sword (weapon)
Missiles
 c - 149 stones
 e - 2 throwing nets
Armour
 b - a +0 robe (worn)
Scrolls
 f - a scroll of fog {unknown}
 g - a scroll of enchant weapon {unknown}
 h - a scroll of vulnerability {unknown}
 i - 2 scrolls of identify {unknown}
 k - a scroll of enchant armour {unknown}
Potions
 d - 2 potions of mutation {unknown}
 j - 2 potions of heal wounds {unknown}
 l - 2 potions of ambrosia {unknown}


   Skills:
 + Level 0.3 Fighting
 + Level 1.1 Short Blades
 + Level 2.6 Dodging
 + Level 3.3 Stealth
 + Level 2.0 Spellcasting
 + Level 0.8 Transmutations
 + Level 4.8 Earth Magic


You had 5 spell levels left.
You knew the following spells:

 Your Spells              Type           Power      Damage    Failure   Level
a - Sandblast             Erth           36%        2d10      2%          1

Your spell library contained the following spells:

 Spells                   Type           Power      Damage    Failure   Level
 Passwall                 Tmut/Erth      9%         N/A       9%          2
 Stone Arrow              Conj/Erth      18%        3d8       22%         3
 Ensorcelled Hibernation  Hex/Ice        2%         N/A       28%         2
 Spider Form              Tmut/Pois      3%         N/A       43%         3
 Swiftness                Air            1%         N/A       50%         3
 Petrify                  Tmut/Erth      11%        N/A       52%         4
 Anguish                  Hex/Necr       0%         N/A       88%         4


Dungeon Overview and Level Annotations

Branches:
Dungeon (3/15)

Altars:
Cheibriados


Innate Abilities, Weirdness & Mutations

You are resistant to damage.
You can heal yourself by infusing magical energy.
You passively map a small area around you.
You do not regenerate.


Message History

The adder is severely wounded.
The adder barely misses you. The adder bites you. The adder barely misses you.
You closely miss the adder.
The adder is severely wounded.
The adder closely misses you. The adder bites you.
You are more poisoned.
The adder poisons you! The adder bites you.
You hit the adder but do no damage.
The adder is severely wounded.
The adder bites you. The adder barely misses you.
You hit the adder but do no damage.
The adder is heavily wounded.
The adder closely misses you. The adder misses you. The adder bites you.
You hit the adder.
The adder is almost dead.
The adder barely misses you. The adder bites you. The adder closely misses you.
You miss the adder.
The adder is almost dead.
The adder bites you.
* * * LOW HITPOINT WARNING * * *
The adder closely misses you.
You barely miss the adder.
The adder is almost dead.
The adder misses you. The adder closely misses you.
The adder bites you but does no damage. The adder closely misses you.
You hit the adder but do no damage.
The adder is almost dead.
The adder closely misses you. The adder bites you.
* * * LOW HITPOINT WARNING * * *
You are more poisoned.
The adder poisons you!
You hit the adder.
The adder is almost dead.
The adder barely misses you. The adder bites you.
* * * LOW HITPOINT WARNING * * *
You are more poisoned.
The adder poisons you!
You fail to use your ability.
The adder misses you. The adder barely misses you. The adder bites you.
You die...

>..#####... * ,* *
..........# * . ..##
.......r#.####..##...#
.......##........#...###
........<....###.#......,
...............#......?.,
............##.#......>.
........####(....S......
*
................@S......
###.##.#.######..####...
, ##.......# ##.# ,
.....#.##### #.# * ,
...........# #.# * ,,
....[..#...#####.#######
...#####.#.............#
...........#####.#######
............# #.#


You could see 2 adders.

Vanquished Creatures
  3 adders (D:2)
  A dart slug (D:2)
  3 endoplasms
  2 giant cockroaches
  3 goblins
  2 hobgoblins
  3 kobolds (D:2)
  A quokka (D:2)
  3 ball pythons
  2 bats
  A frilled lizard (D:3)
  5 rats
29 creatures vanquished.

Notes
Turn   | Place    | Note
-------+----------+-------------------------------------------
     0 | D:1      | nerdsy the Deep Dwarf Earth Elementalist began the quest
                  | for the Orb.
     0 | D:1      | Reached XP level 1. HP: 15/15 MP: 3/3
     1 | D:1      | You fall into a shaft and drop 1 floor!
   301 | D:1      | Reached XP level 2. HP: 22/22 MP: 1/3
   439 | D:1      | Found a faded altar of an unknown god.
   707 | D:1      | Found a snail-covered altar of Cheibriados.
   914 | D:2      | Reached XP level 3. HP: 20/28 MP: 4/4
  1324 | D:2      | Reached skill level 1 in Short Blades
  1549 | D:3      | HP: 1/30 [adder (3)]
  1569 | D:3      | Slain by an adder

Illustrated notes

Levels and vault maps discovered:
D:1:      dpeg_arrival_water_altar, layout_basic,
          shapermc_ecumenical_altar_petra
D:2:      layout_basic
D:3:      layout_rooms, jmf_multi_god_temple2

Skill      XL: |  1  2  3 |
---------------+----------+-----
Stealth        | 3 |  3.3
Short Blades   | 1 |  1.1
Spellcasting   | 2 |  2.0
Fighting       | |  0.3
Dodging        | |  2.6
Transmutations | |  0.8
Earth Magic    | |  4.8

Action                   || total
-------------------------++-------
Melee: Short sword       ||    89
       Unarmed           ||    18
       Punch             ||     1
 Cast: Sandblast         ||    13
 Abil: Heal Wounds       ||     2
 Stab: Sleeping          ||     5
Armor: Robe              ||    24
Dodge: Dodged            ||    94
